 Dungeon Crawl Stone Soup version 0.21-a0-228-g14ccbf3 (webtiles) character file.

293 Gorglomux the Magician (level 6, 5/64 HPs)
             Began as a Gnoll Transmuter on Aug 31, 2017.
             Quit the game on level 3 of the Dungeon.
             The game lasted 00:10:49 (4704 turns).

Gorglomux the Magician (Gnoll Transmuter)           Turns: 4704, Time: 00:10:50

Health: 5/64       AC: 23    Str:  7    XL:     6   Next: 33%
Magic:  15/15      EV:  2    Int:  7    God:
Gold:   108        SH:  0    Dex:  7    Spells: 11/17 levels left

rFire    + . .     SeeInvis .     - Unarmed
rCold    + . .     Gourm    .   (no shield)
rNeg     + + +     Faith    .   (armour currently unavailable)
rPois    +         Spirit   .   (helmet currently unavailable)
rElec    +         Reflect  .   (cloak currently unavailable)
rCorr    +         Harm     .   (gloves currently unavailable)
MR       .....     NoTele   +   (boots currently unavailable)
Stlth    +.........             h - amulet of magic regeneration
HPRegen  0.20/turn              (no ring)
MPRegen  0.39/turn              (no ring)

@: brilliant, lethally poisoned (5 -> -15), tree-form, resistant, hasted,
drained, very quick
A: unchanging attributes, blurry vision 1, evolution 1, strong nose
a: no special abilities


You were on level 3 of the Dungeon.
You were not hungry.
You were a tree.
You visited 1 branch of the dungeon, and saw 3 of its levels.

You collected 108 gold pieces.

Inventory:

Missiles
 a - 48 arrows
Armour
 b - a +0 robe (melded)
 q - a +0 pair of boots (melded)
Jewellery
 h - an amulet of magic regeneration (around neck)
Scrolls
 l - a scroll of noise {unknown}
 r - a scroll of amnesia {unknown}
 s - a scroll of enchant weapon {unknown}
 v - 2 scrolls of remove curse {unknown}
 w - a scroll of immolation {unknown}
 x - a scroll of identify {unknown}
 T - a scroll of teleportation
Books
 c - a book of Changes

   Spells                             Type                      Level
   a - Beastly Appendage              Transmutation                1
   b - Sticks to Snakes               Transmutation                2
   c - Spider Form                    Transmutation/Poison         3
   d - Ice Form                       Ice/Transmutation            4
   e - Blade Hands                    Transmutation                5
Comestibles
 d - 2 bread rations
 k - 2 royal jellies
 o - 3 fruits
 z - a meat ration
 A - 6 chunks of flesh


   Skills:
 - Level 1.3 Fighting
 - Level 2.6 Dodging
 - Level 4.0 Unarmed Combat
 + Level 6.2 Spellcasting
 + Level 6.0 Transmutations
 - Level 2.0(1.9) Poison Magic


You had 11 spell levels left.
You knew the following spells:

 Your Spells              Type           Power        Failure   Level  Hunger
a - Beastly Appendage     Tmut           ##....       1%          1    #......
b - Sticks to Snakes      Tmut           ##......     1%          2    ##.....
c - Spider Form           Tmut/Pois      ##........   1%          3    ###....


Dungeon Overview and Level Annotations

Branches:
Dungeon (3/15)

Altars:


Innate Abilities, Weirdness & Mutations

Your physical attributes are unchanging.
((You have very sharp teeth.))
Your uncanny sense of smell can sniff out nearby items.
((You have large cloven feet.))
((You are partially covered in slimy green scales. (AC +2)))
Scrolls take you a little longer to read.
You evolve.


Message History

* * * don't die
* * * You feel sick!
It was a potion of degeneration!
There was something very wrong with that liquid! * * * don't die
* * * You feel sick!
You aren't carrying any potions!
Unknown command!
Unknown command! * * * don't die
* * * You feel sick!
You begin reading the scroll!
You continue reading the scroll! * * * don't die
* * * You feel sick!
As you read the scroll labeled GODEBU GEOM, it crumbles to dust!
You feel a strange butt of stasis!
It was a scroll of teleportation!
T - a scroll of teleportation Unknown command!
You aren't carrying any potions!
Are you sure you want to abandon this character and quit the game? (Confirm with "yes"!)

.#..#.# #.# #...# #...#.#
..#####...#### .#.##.#
#.#####.........#### ......#
#.# #.............
...#.####### #.#
#.)......<####
.#..####...###.#####......####
.........#.##...##.(......#
.....#.....##...##).......#
###....##..##...♣()......##
#......#......(())#...###
#.....#...........#...#
#......#.....(.<..#..##
##....##..##.........# #
###......##...##.##.#
#####..##...#...##.##<#
#..........>...###.##.#
#.###..##...#### #.##.#


There were no monsters in sight!

Vanquished Creatures
  Sigmund (D:2)
  2 adders
  An ooze (D:1)
  4 worms
  3 dart slugs
  5 leopard geckos
  7 orcs (D:3)
  9 bats
  3 giant cockroaches
  6 goblins
  12 hobgoblins
  2 jackals (D:3)
  A quokka (D:3)
  7 frilled lizards
  10 kobolds
  7 rats
80 creatures vanquished.

Vanquished Creatures (collateral kills)
  An adder (D:2)
  A hobgoblin (D:1)
2 creatures vanquished.

Grand Total: 82 creatures vanquished

Notes
Turn   | Place    | Note
-------+----------+-------------------------------------------
     0 | D:1      | Gorglomux the Gnoll Transmuter began the quest for the Orb.
     0 | D:1      | Reached XP level 1. HP: 15/15 MP: 4/4
   149 | D:1      | Reached skill level 3 in Transmutations
   321 | D:1      | Reached XP level 2. HP: 9/21 MP: 4/6
   477 | D:1      | Learned a level 2 spell: Sticks to Snakes
  1329 | D:1      | Reached XP level 3. HP: 25/26 MP: 8/8
  1374 | D:1      | Learned a level 3 spell: Spider Form
  1390 | D:1      | Reached skill level 1 in Poison Magic
  2277 | D:2      | Reached XP level 4. HP: 28/32 MP: 7/10
  3323 | D:2      | Noticed Sigmund
  3341 | D:2      | Killed Sigmund
  3341 | D:2      | Reached XP level 5. HP: 14/37 MP: 7/13
  3341 | D:2      | Reached XP level 6. HP: 16/43 MP: 7/14
  3686 | D:3      | Reached skill level 6 in Spellcasting
  4661 | D:3      | Reached skill level 6 in Transmutations
  4695 | D:3      | Gained mutation: You have large cloven feet. [potion of mutation]
  4695 | D:3      | Gained mutation: You are partially covered in slimy green scales. (AC +2) [potion of mutation]
  4695 | D:3      | Gained mutation: Scrolls take you a little longer to read. [potion of mutation]
  4695 | D:3      | Gained mutation: You evolve. [potion of mutation]
  4704 | D:3      | Quit the game

Vault maps used:
D:1:      evilmike_arrival_crescent
D:2:      uniq_sigmund

Skill      XL: |  1  2  3  4  5  6 |
---------------+-------------------+-----
Transmutations | 3 4 5 6 |  6.0
Spellcasting   | 4 5 6 |  6.2
Poison Magic   | 2 |  2.0
Fighting       | |  1.3
Dodging        | |  2.6
Unarmed Combat | |  4.0

Action                   |  1- 3 |  4- 6 || total
-------------------------+-------+-------++-------
Melee: Unarmed           |   150 |   178 ||   328
       Bite              |     4 |     6 ||    10
       Punch             |     1 |       ||     1
       Headbutt          |     2 |     1 ||     3
       Kick              |     1 |       ||     1
 Cast: Beastly Appendage |    16 |     6 ||    22
       Sticks to Snakes  |     3 |       ||     3
       Spider Form       |     1 |    25 ||    26
  Use: Potion            |       |     6 ||     6
       Scroll            |       |     1 ||     1
  Eat: Chunk             |     4 |    12 ||    16
Armor: Robe              |    24 |    16 ||    40
       Skin              |       |     6 ||     6
Dodge: Dodged            |    96 |   124 ||   220

Table legend:
 A = Spawn XP
 B = Non-spawn XP
 C = Spawn XP percentage of total XP
 D = Spawn monster count
 E = Non-spawn monster count
 F = Spawn count percentage of total count
 G = Total turns spent on level
                    A         B        C        D         E        F      G
               +---------+---------+-------+---------+---------+-------+---------
         Total |      47 |     372 |  11.2 |      21 |      61 |  25.6 |  4704
               +---------+---------+-------+---------+---------+-------+---------
           D:1 |      11 |      42 |  20.8 |       6 |      21 |  22.2 |  1581
           D:2 |      15 |     272 |   5.2 |       7 |      18 |  28.0 |  2087
           D:3 |      21 |      58 |  26.6 |       8 |      22 |  26.7 |  1036
               +---------+---------+-------+---------+---------+-------+---------
